 Dungeon Crawl Stone Soup version 0.28.0-49-g6dfe1f597d (webtiles) character file.

Game seed: 4693093614253321862

16 Gabide the Cudgeller (level 2, 24/24 HPs)
             Began as a Human Monk on May 14, 2022.
             Was a Follower of Uskayaw.
             Got out of the dungeon alive.
             The game lasted 00:01:15 (934 turns).

Gabide the Cudgeller (Human Monk)                    Turns: 934, Time: 00:01:15

Health: 24/24      AC:  2    Str: 11    XL:     2   Next: 75%
Magic:  2/2        EV: 13    Int: 10    God:    Uskayaw [*.....]
Gold:   34         SH:  0    Dex: 15    Spells: 1/1 levels left

rFire   . . .      SeeInvis .   a - +0 mace
rCold   . . .      Faith    .   (no shield)
rNeg    . . .      Spirit   .   b - +0 robe
rPois   .          Reflect  .   (no helmet)
rElec   .          Harm     .   (no cloak)
rCorr   .          Rampage  .   (no gloves)
Will    .....                   (no boots)
Stlth   ++........              (no amulet)
HPRegen 0.08/turn               (no ring)
MPRegen 0.08/turn               (no ring)

@: no status effects
A: no striking features
a: Renounce Religion, Stomp


You escaped.
You worshipped Uskayaw.
Uskayaw was noncommittal.
You visited 1 branch of the dungeon, and saw 1 of its levels.

You collected 34 gold pieces.

Inventory:

Hand Weapons
 a - a +0 mace (weapon)
Armour
 b - a +0 robe (worn)
 d - a +0 ring mail
Jewellery
 c - a ring of magical power
 g - an amulet of magic regeneration
Scrolls
 e - a scroll of silence {unknown}
 f - a scroll of blinking {unknown}


   Skills:
 - Level 3.0 Fighting
 + Level 3.8 Maces & Flails
 - Level 3.0 Dodging
 - Level 2.0 Stealth


You had one spell level left.
You didn't know any spells.
Your spell library was empty.

Dungeon Overview and Level Annotations

Branches:
Dungeon (1/15)

Altars:
Uskayaw


Message History

You barely miss the kobold. The kobold hits you but does no damage.
You hit the kobold.
The kobold is moderately wounded.
The kobold hits you with a +0 short sword.
You barely miss the kobold.
The kobold is moderately wounded.
The kobold closely misses you. The hobgoblin hits you.
The kobold closely misses you.
You barely miss the kobold.
The kobold is moderately wounded.
The hobgoblin hits you but does no damage.
The kobold closely misses you. The hobgoblin barely misses you.
You barely miss the kobold.
The kobold is moderately wounded.
The kobold closely misses you. The hobgoblin closely misses you.
You sock the kobold!
You kill the kobold!
The hobgoblin barely misses you.
You sock the hobgoblin!
You kill the hobgoblin!
No target in view!
No target in view!
No target in view!
No target in view!
No target in view!
No target in view!
Things that are here:
a +0 short sword; a kobold corpse; a hobgoblin corpse
g - an amulet of magic regeneration
There is a faded altar of an unknown god here.
You cannot tell which god this altar belongs to.
Convert to them anyway?
Uskayaw accepts your prayer! Uskayaw welcomes you!
You can now stomp with the beat.
You can now pass through a line of other dancers.
Things that are here:
a +0 short sword; a kobold corpse; a hobgoblin corpse
There is a staircase leading out of the dungeon here.
Are you sure you want to leave the Dungeon?
This will make you lose the game!
You have escaped!

#.............#
#..# #
#...#######..##
#####.# #
#...##...##..#
#.....# #
#...#.###.#..#
#.....###
#...#.'>#.'..#
#.(....##
#...#.###.#..#
#....#.##
#...##...##..#
#....#.##
#...##'####..#
#....#..#
#..........@.#
#........
#............#
###......
#.......######
#......
#########
#####+# #.. ##.
#. #. #.


There were no monsters in sight!

Vanquished Creatures
  4 ball pythons (D:1)
  3 hobgoblins (D:1)
  A quokka (D:1)
  2 frilled lizards (D:1)
  3 goblins (D:1)
  A kobold (D:1)
  2 rats (D:1)
16 creatures vanquished.

Notes
Turn   | Place    | Note
-------+----------+-------------------------------------------
     0 | D:1      | Gabide the Human Monk began the quest for the Orb.
     0 | D:1      | Reached XP level 1. HP: 18/18 MP: 1/1
   403 | D:1      | Reached XP level 2. HP: 11/24 MP: 2/2
   821 | D:1      | Found a faded altar of an unknown god.
   889 | D:1      | Prayed at the altar of an unknown god.
   889 | D:1      | Became a worshipper of Uskayaw the Reveller
   889 | D:1      | Reached * piety under Uskayaw
   889 | D:1      | Reached ** piety under Uskayaw
   934 | D:$      | Got out of the dungeon alive.

Illustrated notes

Levels and vault maps discovered:
D:1:      minmay_arrival_stone_box, layout_basic,
          hellmonk_ecumenical_altar_prayer_group

Action                   || total
-------------------------++-------
Melee: Mace              ||    47
Armor: Robe              ||     7
Dodge: Dodged            ||    50
